 Dungeon Crawl Stone Soup version 0.30-a0-141-g30f27751c5 (webtiles) character file.

Game seed: 12397728696900713190

2242 jt the Shooter (level 9, -4/67 (72) HPs)
             Began as a Palentonga Hexslinger on Sept 25, 2022.
             Was a Priest of Sif Muna.
             Slain by a slime creature (13 damage)
             ... on level 6 of the Dungeon.
             The game lasted 00:18:05 (8849 turns).

jt the Shooter (Palentonga Hexslinger)              Turns: 8849, Time: 00:18:05

HP:   -4/67 (72)    AC: 20    Str: 15    XL:     9   Next: 14%
MP:   10/10         EV: 10    Int: 16    God:    Sif Muna [***...]
Gold: 169           SH:  0    Dex: 15    Spells: 5/10 levels left

rFire   + . .      SeeInvis +    a - +1 sling
rCold   + . .      Faith    .    (no shield)
rNeg    . . .      Spirit   .    h - +5 ring mail of Inaction {rPois Int+2 Stlth-}
rPois   +          Reflect  .    m - +0 helmet
rElec   .          Harm     .    g - +0 cloak
rCorr   .          Rampage  .    (no gloves)
Will    .....                    (no barding)
Stlth   +.........               n - amulet of the acrobat
HPRegen 0.21/turn                r - ring of protection from cold
MPRegen 0.12/turn                t - ring of protection from fire

@: drained, curled up
A: large, rugged brown scales 3, see invisible, deformed body, roll 1, armoured
tail, reflexive curl
a: Rolling Charge, Renounce Religion, Channel Magic, Forget Spell


You were on level 6 of the Dungeon.
You worshipped Sif Muna.
Sif Muna was most pleased with you.
You visited 2 branches of the dungeon, and saw 8 of its levels.

You collected 299 gold pieces.
You spent 130 gold pieces at shops.

Inventory:

Hand Weapons
 a - a +1 sling (weapon)
 d - a +0 dagger of pain
 e - a +2 halberd of freezing
 u - a +2 whip of venom
 v - a +0 dagger of venom
 A - a +0 spear
 B - a +2 dagger of holy wrath
 E - a +1 war axe of venom
 F - a +4 dire flail of freezing
 G - a +4 mace
 I - a +1 hand axe of venom
 K - a +1 vorpal scimitar
 M - a +0 morningstar of draining
Missiles
 s - 15 poisoned darts
 w - 4 boomerangs
Armour
 c - a +0 robe
 g - a +0 cloak (worn)
 h - the +5 ring mail of Inaction (worn) {rPois Int+2 Stlth-}
   (You found it on level 2 of the Dungeon)

   Int:       It affects your intelligence (+2).
   rPois:     It protects you from poison.
   Stlth:     It makes you less stealthy.
 m - a +0 helmet (worn)
 L - +0 swamp dragon scales
Magical Staves
 y - a staff of conjuration
Jewellery
 n - an amulet of the acrobat (around neck)
 r - a ring of protection from cold (left hand)
 t - a ring of protection from fire (right hand)
Wands
 C - a wand of acid (11)
Scrolls
 b - a scroll of poison
 k - 3 scrolls of teleportation
 o - a scroll of enchant armour
 x - a scroll of fog
 D - a scroll of fear
 J - a scroll of noise {unknown}
Potions
 f - a potion of curing
 i - a potion of ambrosia
 j - a potion of might
 l - 2 potions of brilliance
 p - 3 potions of heal wounds
 q - 2 potions of mutation
 z - 2 potions of attraction
 H - 3 potions of berserk rage {unknown}


   Skills:
 + Level 5.4 Fighting
 - Level 0.8 Maces & Flails
 + Level 5.4 Ranged Weapons
 + Level 4.1 Armour
 + Level 3.8 Dodging
 + Level 3.0 Stealth
 - Level 1.0 Spellcasting
 - Level 3.0 Hexes
 + Level 3.1 Evocations


You had 5 spell levels left.
You knew the following spells:

 Your Spells              Type           Power      Damage    Failure   Level
a - Slow                  Hex            40%        N/A       12%         1
b - Cigotuvi's Dreadful   Necr/Pois/Air  0%         N/A       54%         2
c - Blink                 Tloc           0%         N/A       54%         2

Your spell library contained the following spells:

 Spells                   Type           Power      Damage    Failure   Level
 Tukima's Dance           Hex            10%        N/A       36%         3
 Beastly Appendage        Tmut           0%         N/A       38%         1
 Magic Dart               Conj           0%         1d3       38%         1
 Call Imp                 Summ           0%         N/A       54%         2
 Poisonous Vapours        Pois/Air       0%         N/A       54%         2
 Wereblood                Tmut           0%         N/A       54%         2
 Inner Flame              Hex/Fire       5%         N/A       56%         3
 Portal Projectile        Hex/Tloc       10%        N/A       56%         3
 Gell's Gravitas          Tloc           0%         N/A       77%         3
 Lesser Beckoning         Tloc           0%         N/A       77%         3
 Mephitic Cloud           Conj/Pois/Air  0%         N/A       77%         3
 Spider Form              Tmut/Pois      0%         N/A       77%         3
 Teleport Other           Tloc           0%         N/A       77%         3
 Cause Fear               Hex            5%         N/A       77%         4
 Manifold Assault         Tloc           0%         N/A       99%         4
 Summon Lightning Spire   Summ/Air       0%         N/A       99%         4
 Blade Hands              Tmut           0%         N/A       100%        5
 Storm Form               Tmut/Air       0%         N/A       100%        7
 Maxwell's Capacitive Co  Air            0%         ∞         100%        8


Dungeon Overview and Level Annotations

Branches:
Dungeon (7/15)             Temple (1/1) D:4

Altars:
Cheibriados
Dithmenos
Elyvilon
Fedhas
Gozag
Hepliaklqana
Kikubaaqudgha
Makhleb
Nemelex Xobeh
Qazlal
Sif Muna
Trog
Uskayaw
Vehumet
Wu Jian
Xom
Yredelemnul
Zin

Shops:
D:3 *


Innate Abilities, Weirdness & Mutations

You are completely covered in rugged brown scales. (AC +3, +7% HP)
You have supernaturally acute eyesight. (SInv)
Armour fits poorly on your strangely shaped body.
You can roll at nearby foes to attack.
You have a long armoured tail.
You curl defensively after being hit. (AC +7*)


Message History

The slime creature is moderately wounded.
The slime creature hits you!
You shoot a sling bullet.
The sling bullet hits the slime creature!
The slime creature is moderately wounded.
The slime creature barely misses you. The slime creature hits you.
You shoot a sling bullet.
The sling bullet hits the slime creature.
The slime creature is heavily wounded.
The slime creature barely misses you.
You shoot a sling bullet.
The sling bullet hits the slime creature.
The slime creature is heavily wounded.
The slime creature hits you.
You shoot a sling bullet.
The sling bullet hits the slime creature!
The slime creature is heavily wounded.
The slime creature hits you but does no damage.
You shoot a sling bullet.
The sling bullet hits the slime creature.
The slime creature is heavily wounded.
The slime creature hits you but does no damage.
The slime creature hits you.
You shoot a sling bullet.
The sling bullet hits the slime creature.
The slime creature is heavily wounded.
The slime creature hits you!
You are too injured to fight recklessly!
Aiming: Corrosive Bolt
Press: ? - help, Shift-Dir - straight line, f/p - slime creature
Aim: a slime creature (heavily wounded, 94% to hit)
The bolt of acid hits the slime creature!
The acid corrodes the slime creature!
The slime creature is almost dead.
The slime creature hits you!
* * * LOW HITPOINT WARNING * * *
You shoot a sling bullet.
The sling bullet barely misses the slime creature.
The slime creature hits you!
You die...

#...........# #########
###########.# #......##
###'#######* #........
#..........* #.......#
#..........* ##'##'#..
#..........* #.##.#..
###'###########.##.#..
*#######.#.J...............
*......[..@..........##.#.#
*..........###.#........###
*..........###.#.#...).##..
*........#...#.#......##...
*#########.#.#.#.#.#..#....
#.#.......#..#....
#.#########.##...#
#.........#.##....
#########.#.###...


You could see a slime creature (corroded).

Vanquished Creatures
  Maggie (D:6)
  2 ice beasts (D:6)
  2 black bears
  2 phantoms
  A kobold brigand (D:6)
  A necrophage (D:4)
  2 bullfrogs
  2 scorpions
  8 wights (D:6)
  A howler monkey (D:5)
  2 jellies
  An orc priest (D:5)
  5 hounds
  2 iguanas
  Terence (D:2)
  2 orc wizards (D:5)
  Robin (D:2)
  5 gnolls
  2 adders
  3 white imps (D:6)
  An ufetubus (D:5)
  4 worms (D:6)
  4 dart slugs
  11 orcs
  6 bats
  4 endoplasms
  6 giant cockroaches
  8 goblins
  9 hobgoblins
  6 ball pythons
  3 frilled lizards
  12 kobolds
  11 rats
131 creatures vanquished.

Vanquished Creatures (collateral kills)
  An orc wizard (D:5)
  An orc (D:5)
2 creatures vanquished.

Vanquished Creatures (others)
  9 plants
9 creatures vanquished.

Grand Total: 142 creatures vanquished

Notes
Turn   | Place    | Note
-------+----------+-------------------------------------------
     0 | D:1      | jt the Palentonga Hexslinger began the quest for the Orb.
     0 | D:1      | Reached XP level 1. HP: 16/16 MP: 2/2
   304 | D:1      | Reached XP level 2. HP: 22/23 MP: 3/3
   688 | D:1      | Found a faded altar of an unknown god.
   697 | D:1      | Prayed at the altar of an unknown god.
   697 | D:1      | Became a worshipper of Sif Muna the Loreminder
   697 | D:1      | Reached * piety under Sif Muna
  1129 | D:1      | Reached XP level 3. HP: 22/29 MP: 4/4
  1397 | D:2      | Identified the +5 ring mail of Inaction {rPois Int+2
                  | Stlth-}
  1779 | D:2      | Reached ** piety under Sif Muna
  1891 | D:2      | Found a bloodstained altar of Trog.
  2004 | D:2      | Noticed Terence
  2053 | D:2      | Killed Terence
  2054 | D:2      | Reached skill level 1 in Armour
  2054 | D:2      | Reached XP level 4. HP: 20/37 MP: 5/5
  2268 | D:2      | Noticed Robin
  2278 | D:2      | Killed Robin
  2410 | D:3      | Noticed a bullfrog
  2426 | D:3      | Killed a bullfrog
  2427 | D:3      | Reached XP level 5. HP: 20/43 MP: 6/6
  2800 | D:3      | Found Dallar's General Store.
  2803 | D:3      | Bought a potion of heal wounds for 50 gold pieces
  2803 | D:3      | Bought a potion of mutation for 80 gold pieces
  3380 | D:3      | Found a hide-covered altar of Uskayaw.
  3380 | D:3      | Found a blossoming altar of Fedhas.
  3383 | D:3      | Found a shimmering altar of Xom.
  3600 | D:3      | Found a sparkling altar of Nemelex Xobeh.
  3600 | D:3      | Found a white marble altar of Elyvilon.
  3921 | D:4      | Reached XP level 6. HP: 51/51 MP: 7/7
  5355 | D:3      | Learned a level 2 spell: Cigotuvi's Dreadful Rot
  5506 | D:4      | Found a staircase to the Ecumenical Temple.
  5514 | Temple   | Entered the Ecumenical Temple
  5540 | D:5      | Entered Level 5 of the Dungeon
  5652 | D:5      | Reached skill level 5 in Fighting
  5652 | D:5      | Gained mutation: You curl defensively after being hit. (AC
                  | +7*) [Palentonga growth]
  5652 | D:5      | Reached XP level 7. HP: 58/59 MP: 8/8
  5946 | D:5      | Reached skill level 1 in Stealth
  6027 | D:5      | Found a radiant altar of Vehumet.
  6446 | D:5      | Reached *** piety under Sif Muna
  6726 | D:6      | Reached skill level 1 in Evocations
  6726 | D:6      | Reached XP level 8. HP: 61/66 MP: 9/9
  6834 | D:6      | Noticed a moth of wrath
  6975 | D:6      | Noticed Maggie
  7307 | D:6      | Learned a level 2 spell: Blink
  7625 | D:6      | Reached skill level 5 in Ranged Weapons
  8050 | D:6      | Found a shimmering blue altar of Sif Muna.
  8088 | D:6      | Killed Maggie
  8089 | D:6      | Reached XP level 9. HP: 27/72 MP: 10/10
  8682 | D:6      | Found a bloodstained altar of Trog.
  8835 | D:7      | Noticed a two-headed ogre
  8849 | D:6      | Slain by a slime creature

Illustrated notes

Levels and vault maps discovered:
D:1:      nicolae_arrival_washed_ashore, layout_loops_ring,
          ebering_ecumenical_altar_abandoned
D:2:      layout_basic, basic_altar, nicolae_figureground_sparkle, uniq_robin,
          uniq_terence
D:3:      layout_basic, gammafunk_temple_overflow_pools,
          gammafunk_temple_overflow_claw, serial_shops,
          nicolae_shop_behind_doors, corexii_shack, serial_bayou_ford_a,
          minmay_misc_feat_encased
D:4:      layout_loops_corners, minmay_temple_entry_gardened_gates,
          chequers_serial_rivers_small_b
D:5:      layout_basic, mainiacjoe_overflow_alcove_4
D:6:      layout_basic, general_overflow_altar, tgw_trog, uniq_maggie
D:7:      minmay_blocky_corners, layout_rooms, mainiacjoe_overflow_chevrons,
          dreamdust_wishing_well, uniq_crazy_yiuf_cottage
Temple:   hellmonk_temple_rainy

Skill      XL: |  1  2  3  4  5  6  7  8  9 |
---------------+----------------------------+-----
Fighting       | 2 3 4 5 |  5.4
Ranged Weapons | 2 3 4 5 |  5.4
Armour         | 1 2 3 4 |  4.1
Dodging        | 2 3 |  3.8
Stealth        | 1 2 3 |  3.0
Evocations     | 1 2 3 |  3.1
Maces & Flails | |  0.8
Spellcasting   | |  1.0
Hexes          | |  3.0

Action                   |  1- 3 |  4- 6 |  7- 9 || total
-------------------------+-------+-------+-------++-------
Melee: Mace              |    21 |       |       ||    21
       Tailslap          |     1 |       |       ||     1
       Punch             |     1 |       |       ||     1
 Fire: Sling             |   143 |   238 |   372 ||   753
Throw: Dart              |       |       |     1 ||     1
 Cast: Slow              |     2 |     2 |       ||     4
 Abil: Rolling Charge    |     9 |       |       ||     9
Evoke: Wand              |       |       |    11 ||    11
  Use: Scroll            |     6 |     3 |     4 ||    13
       Potion            |     3 |     2 |       ||     5
Armor: Robe              |    17 |       |       ||    17
       Ring mail         |    21 |   116 |   141 ||   278
Dodge: Dodged            |    48 |    76 |   155 ||   279

Table legend: (Time is in decaauts)
 A = Elapsed time spent in this place.
 B = Non-inter-level travel time spent in this place.
 C = Inter-level travel time spent in this place.
 D = Time resting spent in this place.
 E = Time spent auto-exploring this place.
 F = Levels seen in this place.
 G = Mean time per level.
                   A        B        C        D        E       F      G
               +--------+--------+--------+--------+--------+-----+--------+
         Total |   9080 |   8700 |    380 |   2954 |   3413 |   8 | 1135.0 |
       Dungeon |   9062 |   8682 |    380 |   2954 |   3413 |   7 | 1294.6 |
        Temple |     17 |     17 |      0 |      0 |      0 |   1 |   17.0 |
               +--------+--------+--------+--------+--------+-----+--------+

Top non-repeatable levels by time:
     D:6: 2250 daAuts
     D:4: 1725 daAuts
     D:3: 1527 daAuts
     D:1: 1310 daAuts
     D:5: 1144 daAuts
     D:2: 1094 daAuts
  Temple: 17 daAuts
     D:7: 9 daAuts
